 Dungeon Crawl Stone Soup version 0.30-a0-222-ge547ba4400 (webtiles) character file.

Game seed: 8720914738263798381

106 Decritt the Grave Robber (level 4, 0/25 HPs)
             Began as a Deep Elf Necromancer on Oct 8, 2022.
             Slain by an orc priest
             ... wielding a +0 mace
              (7 damage)
             ... on level 4 of the Dungeon.
             The game lasted 00:03:42 (2012 turns).

Decritt the Grave Robber (Deep Elf Necromancer)     Turns: 2012, Time: 00:03:42

Health: 0/25       AC:  2    Str:  5    XL:     4   Next: 55%
Magic:  1/12       EV: 13    Int: 22    God:
Gold:   102        SH:  0    Dex: 15    Spells: 10/11 levels left

rFire   + . .      SeeInvis .    j - +1 rapier (vamp)
rCold   . . .      Faith    .    (no shield)
rNeg    + . .      Spirit   .    d - +0 robe {rF+}
rPois   .          Reflect  .    (no helmet)
rElec   .          Harm     .    (no cloak)
rCorr   .          Rampage  .    (no gloves)
Will    +....                    (no boots)
Stlth   ++........               (no amulet)
HPRegen 0.24/turn                c - ring of willpower
MPRegen 0.13/turn                i - ring of positive energy

@: no status effects
A: no striking features
a: no special abilities


You were on level 4 of the Dungeon.
You visited 1 branch of the dungeon, and saw 5 of its levels.

You collected 102 gold pieces.

Inventory:

Hand Weapons
 j - a +1 vampiric rapier (weapon)
Armour
 a - a +0 robe
 d - a +0 robe of fire resistance (worn)
Jewellery
 c - a ring of willpower (left hand)
 i - a ring of positive energy (right hand)
Wands
 q - a wand of flame (13)
Potions
 b - a potion of magic
 f - a potion of cancellation
 l - 2 potions of curing
 p - a potion of invisibility {unknown}


   Skills:
 + Level 1.6 Fighting
 + Level 3.6 Dodging
 - Level 2.4 Stealth
 + Level 4.1 Spellcasting
 + Level 5.4 Necromancy


You had 10 spell levels left.
You knew the following spells:

 Your Spells              Type           Power      Damage    Failure   Level
a - Necrotise             Necr           100%       1d9       1%          1

Your spell library contained the following spells:

 Spells                   Type           Power      Damage    Failure   Level
 Vampiric Draining        Necr           28%        2d8       3%          3
 Animate Dead             Necr           28%        N/A       12%         4
 Call Canine Familiar     Summ           4%         N/A       32%         3
 Portal Projectile        Hex/Tloc       8%         N/A       32%         3
 Agony                    Necr           28%        N/A       32%         5
 Leda's Liquefaction      Hex/Erth       2%         N/A       73%         4


Dungeon Overview and Level Annotations

Branches:
Dungeon (5/15)
 Temple: D:4-7

Altars:
Trog


Message History

The orc priest hits your goblin skeleton with a +0 falchion.
The orc priest hits your goblin skeleton with a +0 mace.
Your goblin skeleton is destroyed!
Casting: Necrotise (safe; 1% risk of failure)
Confirm with . or Enter, or press ? or * to list all spells.
Aiming: Necrotise (safe; 1% risk of failure)
Press: ? - help, Shift-Dir - straight line, f/p - orc priest
Aim: an orc priest, wielding a +0 falchion and wearing a +0 ring mail (lightly wounded, chance to affect: 83%)
The orc priest writhes in agony!
Casting: Necrotise (safe; 1% risk of failure)
Confirm with . or Enter, or press ? or * to list all spells.
Aiming: Necrotise (safe; 1% risk of failure)
Press: ? - help, Shift-Dir - straight line, f/p - orc priest
Aim: an orc priest, wielding a +0 falchion and wearing a +0 ring mail (heavily wounded, chance to affect: 83%)
The orc priest writhes in agony.
You hit the orc priest.
The orc priest is almost dead.
The orc priest invokes the aid of Beogh against you.
Beogh smites you!
An orc comes into view. It is wielding a +0 mace.
The orc shouts!
You can't go up here!
You hit the orc priest.
You feel better.
You kill the orc priest!
The orc priest hits you with a +0 mace.
* * * LOW HITPOINT WARNING * * *
Your Spellcasting skill increases to level 4!
Casting: Necrotise (safe; 1% risk of failure)
Confirm with . or Enter, or press ? or * to list all spells.
Aiming: Necrotise (safe; 1% risk of failure)
Press: ? - help, Shift-Dir - straight line, f - orc priest
Aim: an orc priest, wielding a +0 mace (chance to affect: 83%)
The orc priest writhes in agony!
The orc priest mumbles some strange prayers to Beogh against you.
Pain shoots through your body!
* * * LOW HITPOINT WARNING * * *
You barely miss the orc priest.
The orc priest is heavily wounded.
The orc priest hits you with a +0 mace!
You die...

##### ###...#
##.....#
#......#####
#...@))†.o..
##..)o......
#..........
............
#............
#......####..
#....#.. .
#(... #.


You could see an orc priest and an orc.

Vanquished Creatures
  An orc priest (D:4)
  2 adders
  4 dart slugs
  An orc (D:5)
  4 bats
  3 endoplasms (D:1)
  A giant cockroach (D:1)
  3 hobgoblins
  4 jackals (D:1)
  3 kobolds
  4 quokkas
  4 ball pythons
  2 frilled lizards (D:1)
  4 goblins
  2 rats
42 creatures vanquished.

Vanquished Creatures (collateral kills)
  2 hobgoblins
  A jackal (D:1)
  A bat (D:2)
  A rat (D:1)
5 creatures vanquished.

Grand Total: 47 creatures vanquished

Notes
Turn   | Place    | Note
-------+----------+-------------------------------------------
     0 | D:1      | Decritt the Deep Elf Necromancer began the quest for the
                  | Orb.
     0 | D:1      | Reached XP level 1. HP: 10/10 MP: 6/6
   148 | D:1      | Reached skill level 5 in Necromancy
   148 | D:1      | Reached XP level 2. HP: 16/16 MP: 1/8
   270 | D:1      | Found a faded altar of an unknown god.
   422 | D:1      | Reached skill level 1 in Fighting
   502 | D:1      | Reached XP level 3. HP: 20/20 MP: 3/10
  1206 | D:2      | Found a bloodstained altar of Trog.
  1934 | D:3      | You fall into a shaft and drop 2 floors!
  1934 | D:5      | Entered Level 5 of the Dungeon
  1995 | D:4      | Reached XP level 4. HP: 23/25 MP: 4/11
  2012 | D:4      | Slain by an orc priest

Illustrated notes

Levels and vault maps discovered:
D:1:      lemuel_arrival_muddy, layout_rooms, ebering_ecumenical_altar_mist
D:2:      layout_basic, basic_altar
D:3:      cheibrodos_greedy_goblins, layout_basic, minivault_4, uniq_robin
D:4:      layout_layer_cave, minmay_temple_entry_sparse_star, serial_rivers,
          chequers_serial_rivers_marsh, chequers_serial_rivers_large_b,
          chequers_serial_rivers_micro_a, chequers_serial_rivers_small_b,
          chequers_serial_rivers_micro_c, chequers_serial_rivers_micro_d
D:5:      layout_gridville, kennysheep_generic_room_7, uniq_sigmund

Skill      XL: |  1  2  3  4 |
---------------+-------------+-----
Necromancy     | 5 |  5.4
Fighting       | 1 |  1.6
Dodging        | 3 |  3.6
Spellcasting   | 4 |  4.1
Stealth        | |  2.4

Action                   |  1- 3 |  4- 6 || total
-------------------------+-------+-------++-------
Melee: Unarmed           |     4 |       ||     4
       Rapier            |       |     3 ||     3
 Cast: Necrotise         |    77 |     5 ||    82
  Use: Scroll            |     8 |       ||     8
Armor: Robe              |     4 |       ||     4
Dodge: Dodged            |    15 |       ||    15

Table legend: (Time is in decaauts)
 A = Elapsed time spent in this place.
 B = Non-inter-level travel time spent in this place.
 C = Inter-level travel time spent in this place.
 D = Time resting spent in this place.
 E = Time spent auto-exploring this place.
 F = Levels seen in this place.
 G = Mean time per level.
                   A        B        C        D        E       F      G
               +--------+--------+--------+--------+--------+-----+--------+
         Total |   2014 |   1971 |     43 |     26 |   1701 |   5 |  402.8 |
       Dungeon |   2014 |   1971 |     43 |     26 |   1701 |   5 |  402.8 |
               +--------+--------+--------+--------+--------+-----+--------+

Top non-repeatable levels by time:
     D:2: 1109 daAuts
     D:1: 801 daAuts
     D:5: 54 daAuts
     D:3: 24 daAuts
     D:4: 23 daAuts
